 Dungeon Crawl Stone Soup version 0.27-a0-705-ga0013940fb (webtiles) character file.

Game seed: 9388141339994195397

1 dickylongcocking the Vexing (level 1, -1/18 HPs)
             Began as a Naga Arcane Marksman on Mar 23, 2021.
             Killed by Freeze
             ... invoked by an ooze
              (5 damage)
             ... on level 1 of the Dungeon.
             The game lasted 00:00:08 (54 turns).

dickylongcocking the Vexing (Naga Arcane Marksman)    Turns: 54, Time: 00:00:09

Health: -1/18      AC:  1    Str: 12    XL:     1   Next: 20%
Magic:  2/2        EV:  9    Int: 13    God:
Gold:   0          SH:  0    Dex: 11    Spells: 1/2 levels left

rFire    . . .     SeeInvis +   a - +0 shortbow
rCold    . . .     Faith    .   (shield currently unavailable)
rNeg     . . .     Spirit   .   e - +0 robe
rPois    +         Reflect  .   (no helmet)
rElec    .         Harm     .   (no cloak)
rCorr    .         Rampage  .   (no gloves)
Will     .....                  (no barding)
Stlth    +.........             (no amulet)
HPRegen  0.06/turn              (no ring)
MPRegen  0.08/turn              (no ring)

@: very slow
A: AC +0, large, see invisible, deformed body, poison resistance, slowness 2,
spit poison 1, naga tail 1
a: Spit Poison


You were on level 1 of the Dungeon.
You visited 1 branch of the dungeon, and saw 1 of its levels.

Inventory:

Hand Weapons
 a - a +0 shortbow (weapon)
Missiles
 d - 14 arrows (quivered ammo)
Armour
 e - a +0 robe (worn)


   Skills:
 + Level 1.0 Fighting
 + Level 1.7 Bows
 + Level 1.5 Dodging
 + Level 1.0 Spellcasting
 + Level 3.1 Hexes


You had one spell level left.
You knew the following spells:

 Your Spells              Type           Power      Damage    Failure   Level
a - Corona                Hex            8%         N/A       8%          1

Your spell library contained the following spells:

 Spells                   Type           Power      Damage    Failure   Level
 Animate Skeleton         Necr           0%         N/A       28%         1
 Apportation              Tloc           0%         N/A       28%         1
 Summon Small Mammal      Summ           0%         N/A       28%         1
 Slow                     Hex            8%         N/A       12%         2
 Inner Flame              Hex/Fire       4%         N/A       41%         3
 Portal Projectile        Hex/Tloc       8%         N/A       41%         3
 Cause Fear               Hex            4%         N/A       61%         4
 Leda's Liquefaction      Hex/Erth       2%         N/A       83%         4


Dungeon Overview and Level Annotations

Branches:
Dungeon (1/15)

Altars:


Innate Abilities, Weirdness & Mutations

Your serpentine skin is tough. (AC +0)
You have supernaturally acute eyesight. (SInv)
Armour fits poorly on your strangely shaped body.
Your system is resistant to poisons. (rPois)
You cover ground very slowly.
You can spit poison.
You have a snake-like lower body.


Message History

Aim: a kobold, wielding a +0 short sword and quivering stones The splash of poison hits the kobold.
The kobold is moderately wounded.
Unknown command.
Fire: 17 arrows
Press: ? - help, Q - select action, (/) - cycle Shift-Dir - straight line, f/p - kobold
Aim: a kobold, wielding a +0 short sword and quivering stones (moderately wounded, 45% to hit)
You shoot an arrow.
The arrow hits the kobold but does no damage.
The kobold is moderately wounded.
A quokka comes into view.
The quokka moves out of view.
Fire: 16 arrows
Press: ? - help, Q - select action, (/) - cycle Shift-Dir - straight line, f - you Really target yourself?
Okay, then.
The kobold hits you with a +0 short sword.
The kobold barely misses you.
Found 8 gold pieces.
The ooze barely misses you.
Fire: 16 arrows
Press: ? - help, Q - select action, (/) - cycle Shift-Dir - straight line, f - kobold
Aim: a kobold, wielding a +0 short sword and quivering stones (moderately wounded, 45% to hit)
You shoot an arrow. The arrow closely misses the kobold.
The arrow barely misses the quokka.
You have got your breath back.
An ooze comes into view.
The ooze barely misses you.
The kobold hits you with a +0 short sword.
Fire: 15 arrows
Press: ? - help, Q - select action, (/) - cycle Shift-Dir - straight line, f/p - kobold
Aim: a kobold, wielding a +0 short sword and quivering stones (moderately wounded, 45% to hit)
You shoot an arrow. The arrow hits the kobold.
The kobold is severely wounded.
The ooze hits you.
The kobold hits you with a +0 short sword.
* * * LOW HITPOINT WARNING * * *
The ooze freezes you.
You are frozen.
You die...

...#...# ...#.8.# .#
...#...#...# .#
...#####...# .#
...........#######.#
...........##.##...
<..........#.#.#..#
.[.......... #.J.###...
...........## ##@...(...
...#####....###.JK#.....
...#...#...#.#.#.r......
...#.8.#...##.###.......
...#...#...#### ##..##
...#####...# ..(.
...#####...# ..##
##.##......# ...
##.##)##.###


You could see 2 oozes, a quokka and a kobold.

Vanquished Creatures
  A frilled lizard (D:1)
  A kobold (D:1)
2 creatures vanquished.

Notes
Turn   | Place    | Note
-------+----------+-------------------------------------------
     0 | D:1      | dickylongcocking the Naga Arcane Marksman began the quest
                  | for the Orb.
     0 | D:1      | Reached XP level 1. HP: 18/18 MP: 2/2
    54 | D:1      | Killed from afar by an ooze

Illustrated notes

Levels and vault maps discovered:
D:1:      minmay_arrival_glassed_features, layout_loops_cross,
          corexii_corridor_pit

Action                   || total
-------------------------++-------
 Fire: Shortbow          ||    10
 Abil: Spit Poison       ||     1
Dodge: Dodged            ||     4

Table legend: (Time is in decaauts)
 A = Elapsed time spent in this place.
 B = Non-inter-level travel time spent in this place.
 C = Inter-level travel time spent in this place.
 D = Time resting spent in this place.
 E = Time spent auto-exploring this place.
 F = Levels seen in this place.
 G = Mean time per level.
                   A        B        C        D        E       F      G
               +--------+--------+--------+--------+--------+-----+--------+
         Total |     70 |     70 |      0 |      0 |     51 |   1 |   70.0 |
       Dungeon |     70 |     70 |      0 |      0 |     51 |   1 |   70.0 |
               +--------+--------+--------+--------+--------+-----+--------+

Top non-repeatable levels by time:
     D:1: 70 daAuts
